Map: Galactic Process LE

Players

Fropez

  • Race: Protoss Protoss
  • League: Gold
  • Spawn Location: 7:00

Kbzon - Winner!

  • Race: Zerg Zerg
  • League: Platinum
  • Spawn Location: 1:00

VOD

Have the link to the VOD?

Description

Time

  • Played on: Nov. 9, 2016, 11:55 a.m.
  • Length: 15:52
Show
View Real Time Build Order
Export as new Build Order

Fropez Protoss 

Build Orders:  

Get SALT Encoding   

  12  0:01  Probe (Chrono Boost)  
  13  0:11  Probe (Chrono Boost)  
  14  0:18  Pylon  
  14  0:22  Probe (Chrono Boost)  
  15  0:29  Assimilator  
  15  0:36  Probe (Chrono Boost)  
  16  0:44  Gateway  
  16  0:47  Probe (Chrono Boost)  
  17  0:58  Probe (Chrono Boost)  
  17  1:02  Assimilator  
  18  1:16  Probe (Chrono Boost)  
  19  1:21  Gateway  
  19  1:32  Probe (Chrono Boost), Cybernetics Core  
  20  1:43  Probe (Chrono Boost)  
  21  1:53  Probe (Chrono Boost)  
  22  2:00  Pylon  
  22  2:10  Warp Gate (Chrono Boost)  
  22  2:18  Adept x2  
  22  2:19  Mothership Core (Chrono Boost)  
  28  2:37  Probe (Chrono Boost)  
  29  2:48  Probe (Chrono Boost)  
  30  2:58  Probe (Chrono Boost)  
  31  3:03  Nexus  
  31  3:08  Pylon  
  31  3:13  Probe (Chrono Boost)  
  31  3:26  Adept x2  
  35  3:39  Probe  
  36  3:47  Twilight Council  
  34  3:51  Probe  
  33  4:01  Gateway x2  
  33  4:03  Probe  
  33  4:07  Gateway  
  34  4:15  Probe  
  35  4:23  Probe  
  35  4:27  Probe  
  35  4:30  Gateway  
  37  4:36  Gateway  
  37  4:43  Resonating Glaives (Chrono Boost)  
  37  4:51  Adept  
  37  4:52  Adept  
  41  4:55  Probe x2  
  43  5:11  Probe  
  43  5:13  Robotics Facility  
  44  5:16  Probe  
  45  5:27  Probe  
  45  5:30  Adept x4  
  53  5:36  Probe  
  53  5:40  Assimilator  
  54  5:48  Pylon  
  54  5:50  Pylon  
  54  6:05  Warp Prism (Chrono Boost)  
  54  6:06  Probe  
  54  6:09  Pylon  
  57  6:15  Forge  
  57  6:16  Forge  
  53  6:34  Probe  
  53  6:35  Probe  
  53  6:38  Adept x2  
  53  6:39  Adept x5  
  69  6:42  Assimilator  
  69  6:55  Probe, Templar Archives  
  69  6:56  Probe  
  69  6:57  Gateway  
  69  6:59  Pylon  
  71  7:16  Adept x3  
  71  7:17  Adept x2  
  71  7:18  Adept  
  65  8:14  Stalker x5  
  65  8:15  Stalker x2  
  65  8:17  Probe  
  65  8:18  Probe  
  61  8:38  Nexus  
  61  8:41  Stalker x4, Protoss Ground Armor Level 1 (Chrono Boost)  
  65  8:42  Assimilator  
  65  8:46  Assimilator, Protoss Ground Weapons Level 1 (Chrono Boost)  
  65  8:47  Pylon  
  67  8:50  Pylon  
  67  8:54  Pylon  
  63  9:07  Probe x2  
  65  9:10  Stalker x3  
  71  9:19  Pylon  
  71  9:24  Probe x2  
  74  9:38  Observer (Chrono Boost)  
  74  9:40  Stalker x2  
  74  9:41  Stalker  
  80  9:51  High Templar x5  
  90  9:55  Archon x2  
  90  10:01  Observer (Chrono Boost)  
  91  10:09  Psionic Storm  
  91  10:12  Probe x3  
  94  10:20  Observer (Chrono Boost)  
  95  10:32  Photon Cannon  
  95  10:35  Photon Cannon  
  95  10:40  Photon Cannon  
  95  10:58  High Templar x4  
  95  10:59  High Templar  
  95  11:02  Archon x2  
  105  11:09  Archon  
  105  11:19  Blink  
  103  11:43  High Templar x2  
  103  11:44  High Templar x2  
  98  12:09  High Templar x3  
  102  12:17  Archon  
  86  12:34  High Templar x2  
  90  12:37  Probe  
  90  12:38  Probe  
  91  12:50  Nexus  
  60  13:42  Pylon  
  60  13:44  Pylon  
  60  13:45  Charge  
  60  13:52  Gateway  
  60  13:55  Gateway  
  60  13:57  Gateway  
  60  14:01  Gateway  
  60  14:03  Pylon  
  60  14:04  Gateway  
  60  14:05  Probe  
  60  14:06  Pylon  
  60  14:07  Pylon  
  60  14:09  Pylon  
  61  14:11  Pylon  
  61  14:13  Pylon, Nexus  
  61  14:15  Pylon x2  
  47  14:33  Pylon x2  
  47  14:35  Pylon, Photon Cannon  
  47  14:37  Photon Cannon x2  
  47  14:39  Photon Cannon  
  47  14:41  Pylon  
  47  14:42  Pylon  
  47  14:43  Pylon  
  47  14:46  Pylon  
  47  15:11  Adept x5  
  47  15:12  Adept  
  56  15:32  Stalker x2  
  56  15:33  Stalker x4  
Show
View Real Time Build Order
Export as new Build Order

Kbzon Zerg - Winner!

Build Orders: Pool First 

Get SALT Encoding   

  12  0:01  Drone  
  13  0:12  Drone  
  14  0:18  Extractor  
  13  0:22  Drone  
  14  0:40  Overlord  
  14  0:45  Spawning Pool  
  14  0:47  Drone  
  14  0:58  Drone  
  14  0:59  Drone  
  16  1:07  Drone  
  17  1:13  Drone  
  18  1:25  Drone  
  19  1:47  Hatchery  
  19  1:54  Extractor  
  17  1:59  Queen  
  19  2:07  Metabolic Boost  
  19  2:11  Drone  
  19  2:14  Drone  
  21  2:18  Drone  
  22  2:26  Overlord  
  22  2:46  Queen  
  22  2:50  Zergling x4  
  26  2:57  Drone  
  27  3:01  Drone  
  28  3:07  Zergling x2  
  29  3:16  Drone x2  
  29  3:17  Drone x2  
  33  3:20  Queen  
  34  3:31  Zergling x2  
  35  3:36  Overlord  
  35  3:38  Spine Crawler  
  34  3:42  Spine Crawler  
  33  3:58  Drone x4  
  33  3:59  Drone  
  38  4:05  Extractor  
  34  4:25  Roach Warren  
  34  4:28  Zergling x10  
  38  4:36  Spine Crawler  
  37  4:38  Spine Crawler  
  37  4:39  Drone  
  37  4:40  Drone  
  37  4:41  Drone  
  39  4:50  Spore Crawler  
  38  4:58  Drone  
  39  5:01  Drone x2  
  39  5:03  Spore Crawler, Drone  
  41  5:13  Roach  
  38  5:34  Drone x6  
  44  5:37  Overlord x3  
  44  5:44  Lair  
  44  5:53  Evolution Chamber  
  43  5:58  Evolution Chamber  
  43  6:02  Roach x3  
  43  6:04  Roach  
  50  6:06  Roach  
  50  6:10  Roach  
  54  6:23  Roach  
  54  6:24  Roach x3  
  61  6:26  Roach  
  61  6:38  Roach x3  
  67  6:44  Overlord  
  67  6:45  Overlord  
  67  6:48  Glial Reconstitution  
  67  6:51  Ravager  
  67  6:53  Overlord  
  68  6:54  Zerg Missile Weapons Level 1  
  68  7:05  Drone x2  
  68  7:07  Drone  
  71  7:09  Drone  
  71  7:11  Nydus Network, Drone  
  72  7:16  Roach  
  65  7:38  Roach  
  32  8:32  Drone  
  32  8:33  Drone x8  
  32  8:34  Drone x5  
  46  8:48  Roach x2  
  42  9:00  Zerg Ground Armor Level 1  
  42  9:05  Queen  
  42  9:07  Queen  
  46  9:11  Drone  
  46  9:14  Ravager  
  48  9:31  Drone x2  
  48  9:32  Drone x3  
  48  9:34  Drone  
  54  9:49  Queen  
  56  10:06  Drone x3  
  59  10:10  Extractor  
  58  10:18  Roach x6  
  70  10:24  Roach x2  
  74  10:40  Hydralisk Den  
  73  11:02  Spore Crawler  
  72  11:05  Zergling x8  
  72  11:07  Overlord x4  
  76  11:25  Overlord, Roach  
  78  11:30  Drone x2  
  80  11:33  Drone  
  75  12:32  Roach x3  
  75  12:33  Roach x6  
  91  12:39  Ravager  
  91  12:40  Ravager x2  
  92  12:58  Roach x5  
  98  13:25  Roach  
  98  13:26  Roach x3  
  88  13:57  Roach x6  
  88  14:00  Hatchery  
  99  14:11  Muscular Augments  
  99  14:14  Hatchery  
  94  14:34  Zergling x8  
  94  14:35  Zergling x4  
  104  14:52  Roach x2  
Tags
 
Matchup
PvZ
Opening
Pool First
Replay Pack
All Mines
Spawn Locations
Cross Positions
Add a new tag
Caveats
  • Supply blocks, unpowered buildings, or Contaminate may cause inaccurate times.
  • Supply counts are checked every 10 seconds.